 Dungeon Crawl Stone Soup version 0.22-a0-855-g415d086bb8 (console) character file.

16 Lexodia the Shield-Bearer (level 2, 0/24 HPs)
             Began as a Formicid Fighter on July 27, 2018.
             Succumbed to a kobold's poison
             ... on level 1 of the Dungeon.
             The game lasted 00:00:59 (447 turns).

Lexodia the Shield-Bearer (Formicid Fighter)         Turns: 447, Time: 00:01:00

Health: 0/24       AC:  6    Str: 20    XL:     2   Next: 70%
Magic:  1/1        EV:  7    Int:  7    God:
Gold:   24         SH:  9    Dex: 10    Spells: 1/1 levels left

rFire    . . .     SeeInvis +   a - +0 flail
rCold    . . .     Gourm    .   c - +0 shield
rNeg     . . .     Faith    .   b - +0 scale mail
rPois    .         Spirit   .   (helmet unavailable)
rElec    .         Reflect  .   (no cloak)
rCorr    .         Harm     .   (no gloves)
MR       .....                  (no boots)
Stlth    ..........             (no amulet)
HPRegen  0.08/turn              (no ring)
MPRegen  0.07/turn              (no ring)

@: lethally poisoned (0 -> -23), drained
A: permanent stasis, dig shafts and tunnels, four strong arms, antennae 3, beak,
talons 1, deterioration 1, low mp 1
a: Dig, Shaft Self


You were on level 1 of the Dungeon.
You were not hungry.

You visited 1 branch of the dungeon, and saw 1 of its levels.

You collected 24 gold pieces.

Inventory:

Hand Weapons
 a - a +0 flail (weapon)
Armour
 b - a +0 scale mail (worn)
 c - a +0 shield (worn)
Scrolls
 e - 2 scrolls of identify {unknown}
Potions
 d - a potion of might
 h - a potion of haste
 i - a potion of heal wounds {unknown}
 j - a potion of brilliance {unknown}
 k - a potion of mutation
Comestibles
 f - 3 rations
 g - a chunk of flesh


   Skills:
 - Level 3.2 Fighting
 + Level 3.1(3.0) Maces & Flails
 - Level 3.2 Armour
 - Level 3.6(3.5) Shields


You had one spell level left.
You didn't know any spells.
Your spell library was empty.

Dungeon Overview and Level Annotations

Branches:
Dungeon (1/15)

Altars:


Innate Abilities, Weirdness & Mutations

You cannot be hasted, slowed, berserked, paralysed or teleported.
You can dig through walls and to a lower floor.
Your four strong arms can wield two-handed weapons with a shield.
You have a pair of large antennae on your head. (SInv)
You have a beak for a mouth.
You have sharp toenails.
Your body sometimes deteriorates upon taking damage.
Your magical capacity is low. (-10% MP)


Message History

The kobold hits you but does no damage.
Damage: -4%(-1hp) hp: 46%(11hp)
You hit the kobold.
The kobold is heavily wounded.
You feel sick. You block the hobgoblin's attack.
The kobold hits you with a short sword of venom.
* * * LOW HITPOINT WARNING * * *
You are more poisoned.
Huge Dmg: -29%(-7hp) hp: 17%(4hp) It was a potion of mutation.
You feel extremely strange.
You feel yourself wasting away.
Your mouth lengthens and hardens into a beak!
You feel less energetic.
Your toenails lengthen and sharpen.
* * * LOW HITPOINT WARNING * * *
You feel sick.
The hobgoblin hits you but does no damage.
The kobold barely misses you.
Huge Dmg: -8%(-2hp) hp: 9%(2hp) It was a potion of cancellation.
You feel magically purged.
You die...

..#####(###.#........
...........).........
..........#.#(######
.#......#.#.#.#
........#.#.#.#######.
......................
..........#.#.........
##......###.#################.
#######.....# #@K.............
#..## #.....# #†g.............
#.#.# #.....# #....[..........
.#..###....(####...............
..####.........................
.....+.......................#
..####.....(.................##
.#..##........................#
#.#.##.....(.......#####+####.#


You could see a hobgoblin and a kobold.

Vanquished Creatures
  2 giant cockroaches (D:1)
  2 hobgoblins (D:1)
  6 kobolds (D:1)
  A ball python (D:1)
  2 goblins (D:1)
  2 rats (D:1)
15 creatures vanquished.

Notes
Turn   | Place    | Note
-------+----------+-------------------------------------------
     0 | D:1      | Lexodia the Formicid Fighter began the quest for the Orb.
     0 | D:1      | Reached XP level 1. HP: 18/18 MP: 1/1
   130 | D:1      | Reached XP level 2. HP: 20/24 MP: 2/2
   444 | D:1      | Huge Dmg: 5 dmg
   446 | D:1      | Huge Dmg: 7 dmg
   446 | D:1      | Gained mutation: Your body sometimes deteriorates upon taking damage. [potion of mutation]
   446 | D:1      | Gained mutation: You have a beak for a mouth. [potion of mutation]
   446 | D:1      | Gained mutation: Your magical capacity is low. (-10% MP) [potion of mutation]
   446 | D:1      | Gained mutation: You have sharp toenails. [potion of mutation]
   447 | D:1      | Huge Dmg: 2 dmg
   447 | D:1      | Succumbed to a kobold's poison

Vault maps used:
D:1:      nzn_arrival_crosshair, minmay_misc_feat_encased

Skill      XL: |  1  2 |
---------------+-------+-----
Maces & Flails | 3 |  3.1
Fighting       | |  3.2
Armour         | |  3.2
Shields        | |  3.6

Action                   || total
-------------------------++-------
Melee: Flail             ||    45
  Use: Potion            ||     3
Armor: Scale mail        ||    24
Dodge: Dodged            ||     7
Block: Shield            ||    24

Table legend:
 A = Spawn XP
 B = Non-spawn XP
 C = Spawn XP percentage of total XP
 D = Spawn monster count
 E = Non-spawn monster count
 F = Spawn count percentage of total count
 G = Total turns spent on level
                    A         B        C        D         E        F      G
               +---------+---------+-------+---------+---------+-------+---------
         Total |       0 |      23 |   0.0 |       0 |      15 |   0.0 |   447
               +---------+---------+-------+---------+---------+-------+---------
           D:1 |       0 |      23 |   0.0 |       0 |      15 |   0.0 |   447
               +---------+---------+-------+---------+---------+-------+---------
